 Dungeon Crawl Stone Soup version 0.30-a0-824-g6c64550be9 (webtiles) character file.

Game seed: 3441124974269051905

92 Esekla the Sneak (level 4, 32/32 HPs)
             Began as an Octopode Delver on Feb 28, 2023.
             Quit the game on level 5 of the Dungeon.
             The game lasted 00:02:27 (268 turns).

Esekla the Sneak (Octopode Delver)                   Turns: 268, Time: 00:02:27

Health: 32/32      AC:  1    Str: 11    XL:     4   Next: 60%
Magic:  5/5        EV: 13    Int: 14    God:
Gold:   11         SH:  0    Dex: 13    Spells: 5/5 levels left

rFire   . . .      SeeInvis .    a - +0 falchion
rCold   . . .      Faith    .    (no shield)
rNeg    . . .      Spirit   .    (helmet restricted)
rPois   .          Reflect  .    (no amulet)
rElec   .          Harm     .    (no ring)
rCorr   .          Rampage  .    (no ring)
Will    .....                    (no ring)
Stlth   +++++                    (no ring)
HPRegen 0.25/turn                (no ring)
MPRegen 0.09/turn                (no ring)
                                 (no ring)
                                 (no ring)

@: no status effects
A: almost no armour, amphibious, 8 rings, camouflage 1, gelatinous body 1,
(nimble swimmer 1), tentacles
a: no special abilities


You were on level 5 of the Dungeon.
You visited 1 branch of the dungeon, and saw 1 of its levels.

You collected 11 gold pieces.

Inventory:

Hand Weapons
 a - a +0 falchion (weapon)
Wands
 f - a wand of digging (3)
Scrolls
 b - a scroll of fog
Potions
 c - a potion of curing {unknown}
 e - 2 potions of haste
 g - a potion of heal wounds {unknown}


   Skills:
 * Level 3.6 Fighting
 * Level 2.5 Long Blades
 * Level 2.4 Dodging
 + Level 7.5 Stealth
 * Level 1.1 Spellcasting


You had 5 spell levels left.
You didn't know any spells.
Your spell library was empty.

Dungeon Overview and Level Annotations

Branches:
Dungeon (5/15)
 Temple: D:4-7

Altars:
Dithmenos
Fedhas

Shops:
D:5 (


Innate Abilities, Weirdness & Mutations

You cannot wear most types of armour.
You are amphibious.
You can wear up to eight rings at the same time.
Your skin changes colour to match your surroundings (Stealth+).
Your rubbery body absorbs attacks. (AC +1, EV +1)
((You are camouflaged when in or above water. (Stealth+)))
You have tentacles for arms and can constrict up to eight enemies at once.


Message History

You hit the necrophage but do no damage.
You squeeze the necrophage.
The necrophage is moderately damaged.
You constrict the necrophage. The necrophage misses you.
You hit the necrophage. You squeeze the necrophage!
The necrophage is severely damaged.
You constrict the necrophage. The necrophage barely misses you.
You hit the necrophage. You squeeze the necrophage.
You destroy the necrophage!
Your life force feels restored.
Your Spellcasting skill increases to level 1!
You have reached level 4!
You close the door.
There is an entrance to Bieps's Weapon Shoppe here.
You can access your shopping list by pressing '$'.
There is a fountain of clear blue water here.
e - 2 potions of haste (gained 1)
You now have 11 gold pieces.
A phantom comes into view.
Found a cyan potion.
Found a stone staircase leading down.
There is a fountain of clear blue water here.
You start resting.
HP restored.
There is a fountain of clear blue water here.
You see here a cyan potion.
c - a cyan potion
Found a shadowy altar of Dithmenos.
A dart slug comes into view.
You hit the dart slug. You grab the dart slug.
You squeeze the dart slug, but do no damage.
The dart slug is moderately wounded.
You constrict the dart slug.
The dart slug bites you but does no damage.
You hit the dart slug.
The dart slug is severely wounded.
You constrict the dart slug. The dart slug barely misses you.
You hit the dart slug.
You kill the dart slug!
You see here a dart slug corpse.
Are you sure you want to abandon this character and quit the game? (Confirm with "yes".)

###...............#
#...###...........#
#.##..###.........###
#.#.....######.......
#....##..## #.......
#...##....# #.......
#...#._...# #.......
##..##....# #...⌠.⌠.
#..@##..## #....∩..
##.....## #...⌠.⌠.
##..### #....... ####
#....... #.......
#....... #.......
#....... #.......


There were no monsters in sight!

Vanquished Creatures
  A necrophage (D:5)
  A hound (D:5)
  A dart slug (D:5)
3 creatures vanquished.

Notes
Turn   | Place    | Note
-------+----------+-------------------------------------------
     0 | D:5      | Esekla the Octopode Delver began the quest for the Orb.
     0 | D:5      | Reached XP level 1. HP: 16/16 MP: 1/1
    12 | D:5      | Noticed a necrophage
    16 | D:5      | Noticed an iguana
    27 | D:5      | Found a blossoming altar of Fedhas.
    28 | D:5      | Noticed a hound
    41 | D:5      | Killed a hound
    42 | D:5      | Reached skill level 7 in Stealth
    42 | D:5      | Reached XP level 2. HP: 5/21 MP: 1/3
    42 | D:5      | Reached XP level 3. HP: 7/26 MP: 1/4
   152 | D:5      | Found Bieps's Weapon Shoppe.
   152 | D:5      | Noticed a necrophage
   160 | D:5      | Killed a necrophage
   161 | D:5      | Reached skill level 1 in Spellcasting
   161 | D:5      | Reached XP level 4. HP: 12/32 MP: 5/5
   184 | D:5      | Noticed a phantom
   256 | D:5      | Found a shadowy altar of Dithmenos.
   268 | D:5      | Quit the game

Illustrated notes

Levels and vault maps discovered:
D:5:      layout_basic, mainiacjoe_overflow_alcove_2,
          nicolae_dithmenos_through_a_glass_darkly, serial_shops, shop_fountains

Skill      XL: |  1  2  3 |
---------------+----------+-----
Stealth        | 7 |  7.5
Spellcasting   | 1 |  1.1
Fighting       | |  3.6
Long Blades    | |  2.5
Dodging        | |  2.4

Action                     |  1- 3 |  4- 6 || total
---------------------------+-------+-------++-------
  Melee: Falchion          |    13 |     3 ||    16
         Tentacles         |     6 |     1 ||     7
         Constrict         |     2 |     1 ||     3
    Use: Scroll            |     2 |       ||     2
 Armour: Skin              |     1 |     1 ||     2
  Dodge: Dodged            |     8 |     1 ||     9

Table legend: (Time is in decaauts)
 A = Elapsed time spent in this place.
 B = Non-inter-level travel time spent in this place.
 C = Inter-level travel time spent in this place.
 D = Time resting spent in this place.
 E = Time spent auto-exploring this place.
 F = Levels seen in this place.
 G = Mean time per level.
                   A        B        C        D        E       F      G
               +--------+--------+--------+--------+--------+-----+--------+
         Total |    271 |    271 |      0 |    127 |      0 |   1 |  271.0 |
       Dungeon |    271 |    271 |      0 |    127 |      0 |   1 |  271.0 |
               +--------+--------+--------+--------+--------+-----+--------+

Top non-repeatable levels by time:
     D:5: 271 daAuts
